 Dungeon Crawl Stone Soup version 0.17-a0-1447-g3d113ad (webtiles) character file.

46 FistingOnLSD the Grasshopper (level 3, -1/30 HPs)
             Began as a Draconian Warper on June 29, 2015.
             Succumbed to a rakshasa's poison
             ... on level 1 of the Abyss.
             The game lasted 00:05:07 (2465 turns).

FistingOnLSD the Grasshopper (Draconian Warper)     Turns: 2465, Time: 00:05:07

Health: -1/30      AC:  6    Str: 13    XL:     3   Next: 46%
Magic:  6/6        EV: 18    Int: 13    God:
Gold:   107        SH:  0    Dex: 18    Spells: 3 memorised, 1 level left

rFire  . . .     SeeInvis .     (no weapon)
rCold  . . .     Clarity  .     (armour unavailable)
rNeg   . . .     SustAt   .     (no shield)
rPois  .         Gourm    .     (helmet restricted)
rElec  .         Spirit   .     (no cloak)
rCorr  .         Warding  .     (no gloves)
rMut   .         Stasis   .     j - +0 pair of boots
MR     +....                    (no amulet)
Stlth  +++.......               (no ring)
                                (no ring)

@: agile, lethally poisoned (-1 -> -32), about to teleport, flying, very
slightly contaminated, drained, somewhat resistant to hostile enchantments,
fairly stealthy
A: unfitting armour, agile 1, magic resistance 1, cold-blooded, AC +5
a: no special abilities


You were on level 1 of the Abyss.
You were hungry.

You visited 1 branch of the dungeon, and saw 2 of its levels.
You visited the Abyss 1 time.

You collected 107 gold pieces.

Inventory:

Missiles
 d - a tomahawk of dispersal (quivered)
 o - 3 tomahawks
Armour
 j - a +0 pair of boots (worn)
Scrolls
 f - a scroll of identify
 g - a scroll of teleportation
 m - a scroll of enchant armour {unknown}
 n - a scroll of remove curse {unknown}
Potions
 p - a potion of agility
Books
 b - a book of Spatial Translocations

   Spells                             Type                      Level
   a - Apportation                    Translocation                1
   b - Blink                          Translocation                2
   c - Shroud of Golubria             Charms/Translocation         2
   d - Portal Projectile              Translocation                3
   e - Teleport Other                 Translocation                3
   f - Passage of Golubria            Translocation                4
Comestibles
 e - 2 bread rations
 h - 2 meat rations


   Skills:
 * Level 2.4(2.2) Fighting
 + Level 2.5(2.3) Polearms
 - Level 0.8(0.6) Throwing
 + Level 2.6(2.4) Dodging
 + Level 0.2(0.0) Stealth
 * Level 2.3(2.1) Spellcasting
 * Level 3.3(3.0) Translocations


You had one spell level left.
You knew the following spells:

 Your Spells              Type           Power        Failure   Level  Hunger
a - Apportation           Tloc           #.........   10%         1    ##.....
b - Blink                 Tloc           N/A          12%         2    ###....
c - Shroud of Golubria    Chrm/Tloc      #.........   21%         2    ###....


Dungeon Overview and Level Annotations

Branches:
Dungeon (2/15)

Altars:

Annotations:
D:2 Crazy Yiuf


Innate Abilities, Weirdness & Mutations

Your plain brown scales are hard (AC +5).
Your body does not fit into most forms of armour.
You are cold-blooded and may be slowed by cold attacks.
You are agile. (Dex +2)
You are resistant to hostile enchantments.


Message History

You feel very sick.
A starcursed mass splits. x2
Unknown command.
Drink which item? (? for menu, Esc to quit)
It was a potion of flight.
You feel very buoyant.
You fly up into the air.
* * * LOW HITPOINT WARNING * * *
You feel very sick.
A starcursed mass splits. x2
Unknown command.
Drink which item? (? for menu, Esc to quit)
It was a potion of agility.
You feel agile all of a sudden.
* * * LOW HITPOINT WARNING * * *
You feel sick.
A starcursed mass splits.
Unknown command.
Drop what? 12/52 slots (_ for help) (? for menu, Esc to quit)
You are now empty-handed.
You drop a +0 spear.
You die...

######.#.#
. #.......#
##@## ### #
#..XX###.#
####.XXXX##
.
..#..#XX#.#
.# #.X.#..#
. ..
.###.##
##.# #.. #
# # #.#.# .
♣.###


You could see 9 starcursed masses.

Vanquished Creatures
  An adder (D:2)
  A worm (D:2)
  5 goblins
  4 hobgoblins
  A bat (D:1)
  A giant gecko (D:1)
  4 giant newts
  7 jackals
  7 kobolds
  A rat (D:1)
32 creatures vanquished.

Notes
Turn   | Place    | Note
--------------------------------------------------------------
     0 | D:1      | FistingOnLSD the Draconian Warper began the quest for the Orb.
     0 | D:1      | Reached XP level 1. HP: 17/17 MP: 3/3
   256 | D:1      | Reached XP level 2. HP: 21/24 MP: 5/5
  1014 | D:2      | Gained mutation: You are agile. (Dex +2) [potion of beneficial mutation]
  1028 | D:2      | Reached XP level 3. HP: 14/29 MP: 6/6
  1039 | D:2      | Gained mutation: You are resistant to hostile enchantments. [potion of beneficial mutation]
  2041 | D:2      | Noticed Crazy Yiuf
  2110 | D:1      | Learned a level 2 spell: Blink
  2113 | D:1      | Learned a level 2 spell: Shroud of Golubria
  2341 | D:2      | Cast into the Abyss (Crazy Yiuf)
  2456 | Abyss:1  | Noticed a starcursed mass
  2457 | Abyss:1  | Noticed a rakshasa
  2460 | Abyss:1  | Noticed a thrashing horror
  2464 | Abyss:1  | HP: 1/30 [poisoned by a rakshasa]
  2465 | Abyss:1  | Succumbed to a rakshasa's poison

Vault maps used:
D:1:      dpeg_arrival_pits, lexackson_kobold_supper
D:2:      first_bread, minmay_misc_feat_more_columns, uniq_crazy_yiuf_cottage,
          uniq_robin

Action                   || total
-------------------------++-------
Melee: Spear             ||   181
Throw: Tomahawk          ||     4
 Cast: Shroud of Golubri ||     2
  Use: Potion            ||     6
       Scroll            ||     3
  Eat: Chunk             ||     3
       Beef jerky        ||     1
